 Dungeon Crawl Stone Soup version 0.21.1-1-g345015fe64 (webtiles) character file.

2382 Loge the Grappler (level 9, -2/89 HPs)
             Began as a Troll Monk on July 17, 2018.
             Was a Believer of Makhleb.
             Shot with an arrow by a centaur (8 damage)
             ... on level 8 of the Dungeon.
             The game lasted 00:14:51 (6603 turns).

Loge the Grappler (Troll Monk)                      Turns: 6603, Time: 00:14:52

Health: -2/89      AC: 10    Str: 21    XL:     9   Next: 22%
Magic:  9/9        EV:  6    Int:  6    God:    Makhleb [**....]
Gold:   679        SH:  0    Dex: 15    Spells: 8/8 levels left

rFire    . . .     SeeInvis .     - Unarmed
rCold    . . .     Gourm    +   u - +0 shield
rNeg     . . .     Faith    .   a - +0 robe
rPois    .         Spirit   .   D - +2 hat
rElec    .         Reflect  .   G - +2 cloak
rCorr    .         Harm     .   (gloves unavailable)
MR       .....                  (boots unavailable)
Stlth    +.........             (no amulet)
HPRegen  0.64/turn              (no ring)
MPRegen  0.11/turn              (no ring)

@: confused, very heavily drained
A: large, unfitting armour, claws 3, fast metabolism 3, gourmand, regeneration
1, shaggy fur 1, tough skin 2
a: Minor Destruction, Renounce Religion


You were on level 8 of the Dungeon.
You worshipped Makhleb.
Makhleb was pleased with you.
You were near starving.

You visited 2 branches of the dungeon, and saw 9 of its levels.
You also visited: Ossuary.

You collected 679 gold pieces.

Inventory:

Hand Weapons
 y - a +1 spear of freezing
Missiles
 c - 5 large rocks (quivered)
 d - 125 stones
 j - 2 throwing nets
 k - 3 tomahawks
 l - 15 poisoned needles
 I - 7 javelins of returning
Armour
 a - a +0 robe (worn)
 u - a +0 shield (worn)
 D - a +2 hat (worn)
 G - a +2 cloak (worn)
Jewellery
 t - an uncursed ring of see invisible {unknown}
 C - an uncursed amulet of the gourmand {unknown}
 F - an uncursed ring of poison resistance {unknown}
 H - an uncursed ring of wizardry {unknown}
 O - an uncursed ring of see invisible {unknown}
Wands
 A - a wand of digging (27)
 B - a wand of iceblast (17)
 J - a wand of polymorph (10)
 L - a wand of paralysis (20)
Scrolls
 e - 5 scrolls of remove curse
 f - a scroll of enchant armour {unknown}
 g - 2 scrolls of noise {unknown}
 h - 3 scrolls of fog {unknown}
 i - 3 scrolls of magic mapping {unknown}
 p - 2 scrolls of teleportation
 q - 2 scrolls of fear {unknown}
 w - a scroll of amnesia {unknown}
 E - a scroll of enchant weapon {unknown}
 K - a scroll of summoning {unknown}
 M - 2 scrolls of blinking {unknown}
Potions
 m - a potion of cancellation
 n - 4 potions of curing
 r - 2 potions of haste
 s - a potion of might
 v - 5 potions of brilliance
 x - 2 potions of resistance
 z - a potion of invisibility
 N - a potion of heal wounds {unknown}
Comestibles
 b - 17 rations


   Skills:
 + Level 5.9(1.7) Fighting
 - Level 2.4(0.0) Dodging
 - Level 1.0(0.0) Stealth
 + Level 3.6(0.0) Shields
 * Level 9.6(4.9) Unarmed Combat
 + Level 1.9(0.0) Invocations


You had 8 spell levels left.
You didn't know any spells.

Dungeon Overview and Level Annotations

Branches:
Dungeon (8/15)             Temple (1/1) D:6
   Lair: D:8-11

Altars:
Ashenzari
Dithmenos
Gozag
Hepliaklqana
Kikubaaqudgha
Makhleb
Nemelex Xobeh
Okawaru
Qazlal
Sif Muna
Trog
Uskayaw
Xom
Zin
The Shining One

Annotations:
D:8 Joseph, Psyche


Innate Abilities, Weirdness & Mutations

You are too large for most types of armour.
You have claws for hands.
Your metabolism is lightning-fast.
You like to eat raw meat.
Your natural rate of healing is unusually fast.
You are covered in fur. (AC +1)
You have very tough skin. (AC +2)


Message History

You feel drained.
* * * LOW HITPOINT WARNING * * *
Psyche hits you but does no damage.
Your surroundings suddenly seem different.
A bullfrog comes into view.
A centaur comes into view.
The bullfrog croaks.
The centaur shouts!
The centaur wields a shortbow.
The centaur shoots an arrow.
The arrow hits you.
* * * LOW HITPOINT WARNING * * *
You see here an arrow.
The centaur shoots an arrow.
The arrow hits you.
* * * LOW HITPOINT WARNING * * *
You see here an arrow.
The centaur shoots an arrow.
The arrow hits you but does no damage.
You see here an arrow.
The centaur shoots an arrow.
The arrow hits you!
* * * LOW HITPOINT WARNING * * *
You see here 2 arrows.
The centaur shoots an arrow.
The arrow hits you!
You die...

........# ..
....≈≈..# ..
........# .
........# .#
........###.###
.......F......#
........(.....#.
.......((.......
########@.....c.
#### #######..
.... . ###


You could see a bullfrog and a centaur.

Vanquished Creatures
  Grinder (D:3)
  Sigmund (D:2)
  A hungry ghost (D:7)
  Duvessa (D:7)
  A sky beast (D:7)
  4 ogres
  An ice beast (D:5)
  A centaur (D:5)
  A crocodile (D:6)
  Dowan (D:7)
  A wyvern skeleton (D:7)
  2 howler monkeys
  2 crimson imps
  A hound (D:7)
  4 orc priests
  2 jellies (D:6)
  4 orc wizards
  A gnoll shaman (D:4)
  Jessica (D:2)
  4 worker ants
  8 mummies (Ossuary)
  A worker ant zombie (D:5)
  6 gnolls
  6 adders
  2 oozes
  5 worms
  A dart slug (D:2)
  4 leopard geckos
  27 orcs
  12 goblins
  6 hobgoblins
  15 jackals
  2 quokkas
  4 ball pythons
  3 bats
  4 frilled lizards
  2 gnoll zombies (Ossuary)
  A hobgoblin zombie (Ossuary)
  A jackal zombie (D:5)
  10 kobolds
  4 kobold zombies (Ossuary)
  An orc zombie (Ossuary)
  9 rats
  A bush (D:1)
170 creatures vanquished.

Notes
Turn   | Place    | Note
-------+----------+-------------------------------------------
     0 | D:1      | Loge the Troll Monk began the quest for the Orb.
     0 | D:1      | Reached XP level 1. HP: 22/22 MP: 0/0
   158 | D:1      | Reached XP level 2. HP: 29/29 MP: 1/1
   550 | D:1      | Reached XP level 3. HP: 36/36 MP: 2/2
  1214 | D:2      | Reached skill level 4 in Unarmed Combat
  1302 | D:2      | Noticed Jessica
  1309 | D:2      | Killed Jessica
  1309 | D:2      | Reached XP level 4. HP: 45/45 MP: 3/3
  1335 | D:2      | Noticed Sigmund
  1346 | D:2      | Killed Sigmund
  1346 | D:2      | Reached skill level 5 in Unarmed Combat
  1346 | D:2      | Reached XP level 5. HP: 29/54 MP: 4/4
  1559 | D:3      | Reached XP level 6. HP: 62/62 MP: 5/5
  1716 | D:3      | Reached skill level 6 in Unarmed Combat
  1857 | D:3      | Noticed Grinder
  1862 | D:3      | Killed Grinder
  1862 | D:3      | Reached XP level 7. HP: 49/70 MP: 6/6
  2612 | D:4      | Reached skill level 7 in Unarmed Combat
  2766 | D:4      | Reached skill level 1 in Shields
  2917 | D:4      | Found a sand-covered staircase.
  2924 | Ossuary  | Entered an ossuary
  4054 | D:5      | Entered Level 5 of the Dungeon
  4092 | D:5      | Reached XP level 8. HP: 54/79 MP: 7/7
  4183 | D:5      | Reached skill level 5 in Fighting
  4183 | D:5      | Reached skill level 8 in Unarmed Combat
  4882 | D:6      | Found a shattered altar of Ashenzari.
  4947 | D:6      | Found a staircase to the Ecumenical Temple.
  4953 | Temple   | Entered the Ecumenical Temple
  4998 | Temple   | Became a worshipper of Makhleb the Destroyer
  4998 | Temple   | Reached * piety under Makhleb
  4998 | Temple   | Reached ** piety under Makhleb
  5376 | D:6      | Reached skill level 9 in Unarmed Combat
  5675 | D:7      | Noticed Duvessa
  5675 | D:7      | Noticed Dowan
  5704 | D:7      | Killed Duvessa
  5709 | D:7      | Killed Dowan
  5756 | D:7      | Reached skill level 1 in Invocations
  5914 | D:7      | Reached XP level 9. HP: 89/89 MP: 8/8
  5968 | D:7      | Found a sparkling altar of Nemelex Xobeh.
  6048 | D:7      | Found a hide-covered altar of Uskayaw.
  6048 | D:7      | Noticed a hand axe
  6048 | D:7      | Noticed a hand axe
  6077 | D:7      | Found a shimmering altar of Xom.
  6576 | D:8      | Noticed Psyche
  6577 | D:8      | Noticed Joseph
  6603 | D:8      | Shot with an arrow by a centaur

Skill      XL: |  1  2  3  4  5  6  7  8 |
---------------+-------------------------+-----
Unarmed Combat | 4 5 6 7 9 |  9.6
Fighting       | 3 4 5 |  5.9
Shields        | 1 3 |  3.6
Invocations    | 1 |  1.9
Dodging        | |  2.4
Stealth        | |  1.0

Action                   |  1- 3 |  4- 6 |  7- 9 || total
-------------------------+-------+-------+-------++-------
Melee: Unarmed           |   102 |    68 |   351 ||   521
       Punch             |     3 |     2 |       ||     5
  Use: Scroll            |       |       |    11 ||    11
 Stab: Sleeping          |     3 |     1 |       ||     4
  Eat: Chunk             |    16 |     7 |    42 ||    65
Armor: Robe              |    24 |    15 |    75 ||   114
Dodge: Dodged            |    38 |    25 |   111 ||   174
Block: Shield            |       |       |   113 ||   113
